[Event "36th German Seniors-ch-65 2024"]
[Site "Bad Wildungen"]
[Date "2024.08.27"]
[Round "5.4"]
[White "Buchal, Stephan"]
[Black "Zuehlke, Burkhard"]
[Result "1-0"]
[ECO "A26"]
[WhiteElo "2215"]
[BlackElo "1999"]
[Annotator "TA"]
[PlyCount "45"]
[EventDate "2024.08.22"]
[EventType "swiss"]
[EventCountry "GER"]
[SourceTitle "playchess.com"]
[Source "ChessBase"]
[SourceQuality "1"]
[TimeControl "40/5400+30:1800+30"]

1. c4 g6 2. g3 Bg7 3. Bg2 e5 4. Nc3 d6 5. e4 Nc6 6. Nge2 Nge7 7. d3 a6 8. Nd5 Nxd5 9. cxd5 Ne7 {[%emt 0:00:21] The position is equal.} 10. Be3 O-O 11. O-O Bg4 12. f3 Bd7 13. d4 Bb5 14. Rf2 f5 15. dxe5 Bxe2 ({Better is} 15... fxe4 $14 16. fxe4 Rxf2 17. Bxf2 Bxe5) 16. Rxe2 $16 fxe4 17. fxe4 dxe5 (17... Bxe5 $16 {was worth a try.} 18. Bh6 Re8) 18. Qb3 $18 {[%emt 0:01:27] aiming for d6+.} Qd6 $2 (18... Nc8 19. Qxb7 Nd6) 19. Rc1 (19. Qxb7 $2 {loses.} Rfb8 $19) 19... b6 {[%emt 0:01:13] Wards off Bc5} 20. Rec2 {[%emt 0:00:44] White is clearly winning.} Ra7 {[%emt 0:08:14] [#]} 21. Rxc7 $3 Rxc7 22. Rxc7 (22. Qxb6 $2 {too greedy.} Rxc1+ $19) 22... Rb8 {[%emt 0:00:38] [#]} 23. Bc5 $1 {[%emt 0:05:31][%mdl 512] Weighted Error Value: White=0.07 (flawless) /Black=0.45.  Mistake:       	---       	Black=3      Inaccurate:     	White=1     	Black=3      OK:         	White=7     	Black=3      Brilliant:      	White=1     	---} 1-0

[Event "36th German Seniors-ch-65 2024"]
[Site "Bad Wildungen"]
[Date "2024.08.27"]
[Round "5.5"]
[White "Zimmermann, Rolf"]
[Black "Koehler, Gerhard"]
[Result "1-0"]
[ECO "A37"]
[WhiteElo "2107"]
[BlackElo "2210"]
[Annotator "TA"]
[PlyCount "57"]
[EventDate "2024.08.22"]
[EventType "swiss"]
[EventCountry "GER"]
[SourceTitle "playchess.com"]
[Source "ChessBase"]
[SourceQuality "1"]
[TimeControl "40/5400+30:1800+30"]

1. c4 c5 2. Nc3 Nc6 3. Nf3 g6 4. g3 Bg7 5. Bg2 d6 6. O-O e5 7. d3 Nge7 8. Bd2 O-O 9. Qc1 a6 10. Bh6 Rb8 11. Ne1 Be6 {[%emt 0:11:13] The position is equal.} 12. h3 b5 13. Bxg7 Kxg7 14. b3 Qa5 15. e3 Bf5 16. Nd5 Nxd5 17. cxd5 Ne7 18. f4 {[%emt 0:00:51] Black must now prevent fxe5.} f6 19. fxe5 (19. e4 $5 Bd7 $8 20. Kh2 $11) 19... fxe5 20. e4 Bd7 21. Nf3 h6 22. Qb2 $36 {[%emt 0:01:58][%cal Of3e5][%mdl 2048] [#] And now Nxe5! would win. White is more active.} c4 ({Better is} 22... Qc7 $1 $14) 23. b4 (23. Nxe5 $2 c3 24. Qc1 Rxf1+ (24... dxe5 $2 25. Qe3 $19) 25. Kxf1 dxe5 $19) ({White should try} 23. Rac1 $16) 23... Qb6+ (23... Qc7 {feels hotter.} 24. Qc3 g5 25. dxc4 Qxc4 26. Qe3 Qxb4 27. Nxg5 Ng6) 24. Kh2 {[%emt 0:00:06][%cal Of3e5] Strongly threatening Nxe5!} Qc7 (24... Rbc8 $1 $11 {keeps the balance.}) 25. Rac1 Rbc8 26. Rc3 (26. d4 $16 c3 27. Qc2) 26... Qa7 27. dxc4 Rxc4 (27... bxc4 $11 {and Black has nothing to worry.} 28. Rfc1 Bb5) 28. Rxc4 $18 (28. Nxe5 Rxf1 29. Bxf1 Rxc3 (29... dxe5 30. Bxc4 bxc4 31. Rxc4 $18) 30. Qxc3 dxe5 $16 (30... Qf2+ 31. Bg2 $11)) 28... bxc4 {[%emt 0:00:02] [#]} 29. Nxe5 $1 {[%emt 0:01:15][%mdl 512] Weighted Error Value: White=0.23 (precise) /Black=0.54.  Loses game:     	---       	Black=1      Mistake:       	White=2     	Black=2      Inaccurate:     	White=4     	Black=5      OK:         	White=6     	Black=3      Brilliant:      	White=1     	---} 1-0

[Event "36th German Seniors-ch-65 2024"]
[Site "Bad Wildungen"]
[Date "2024.08.27"]
[Round "5.6"]
[White "Podat, Vladimir"]
[Black "Schmidt, Gerhard"]
[Result "1-0"]
[ECO "B51"]
[WhiteElo "2157"]
[BlackElo "2088"]
[Annotator "TA"]
[PlyCount "101"]
[EventDate "2024.08.22"]
[EventType "swiss"]
[EventCountry "GER"]
[SourceTitle "playchess.com"]
[Source "ChessBase"]
[SourceQuality "1"]
[TimeControl "40/5400+30:1800+30"]

1. e4 c5 2. Nf3 d6 3. Bb5+ Nd7 4. a4 Ngf6 5. Nc3 a6 6. Be2 e5 7. Bc4 Be7 8. d3 {[%emt 0:00:41] White has an edge.} O-O 9. Nd2 Nb6 10. a5 d5 ({Better is} 10... Bg4 $14 11. f3 Nxc4 12. Nxc4 Be6) 11. axb6 $16 dxc4 12. Nxc4 Bg4 13. Qd2 Be6 14. Nxe5 Qxb6 15. Nc4 {[%emt 0:05:29] Excellent horsemanship.} Qd8 {[%emt 0:05:55] [#]} 16. O-O $1 b5 17. Ne3 b4 18. Na4 Nd7 19. b3 Bf6 20. Bb2 Bxb2 21. Nxb2 Nb6 22. Na4 (22. Ra5 $18) 22... Qd6 (22... Nxa4 $16 23. Rxa4 a5) 23. Nxb6 Qxb6 24. Ra2 Rfd8 25. Qe2 f6 26. f4 Qd6 {[%emt 0:03:44] [#]} (26... a5 $16 27. h3 Ra6) 27. Qf2 ({White should try} 27. f5 $1 $18 Bf7 28. Rfa1) 27... Qd4 (27... a5 $16 28. Rfa1 Qc7) 28. Nc4 (28. Ra5 $18 {has better winning chances.}) 28... Bxc4 29. Qxd4 (29. dxc4 Qxe4 30. Ra5 (30. Qxc5 $2 Rd2 $19) 30... Qd4 $14) 29... cxd4 (29... Rxd4 $16 30. bxc4 b3 (30... a5 $2 31. Rfa1 $18) 31. cxb3 Rxd3) 30. bxc4 {[%emt 0:00:26][%mdl 4096] Endgame. KRR-KRR} (30. dxc4 d3 $11) 30... Rdb8 31. Rb1 (31. Kf2 $18) 31... a5 32. Ra4 (32. Rba1 b3 33. cxb3 (33. Rxa5 $2 Rxa5 34. Rxa5 bxc2 $19) 33... Rxb3 $16) 32... Kf7 33. Kf2 (33. Rba1 b3 34. cxb3 (34. Rxa5 Rxa5 35. Rc1 b2 36. Rb1 Ra1 37. Kf2 Rxb1 38. e5 fxe5 39. h4 Rh1 40. Kf3 b1=Q 41. Ke4 Rxh4 42. Kxe5 Rd8 43. Kf5 g6+ 44. Kg5 Qe1 45. g4 h6#) 34... Rxb3 $16) 33... Ke6 34. Ke2 Kd6 $2 (34... Rb7 35. Rba1 Rba7) 35. Rba1 $18 b3 36. cxb3 (36. Rxa5 $2 Rxa5 37. Rxa5 b2 $19) 36... Rxb3 37. Rxa5 Rb2+ 38. Kf3 Rab8 39. Rd5+ Kc6 40. Ra6+ Kc7 41. Ra7+ Kc6 42. Rxd4 Rd2 43. Rxg7 Rbb2 44. Rd5 Rf2+ 45. Ke3 {[%emt 0:00:00] Threatening mate with Kd4.} Rbe2+ 46. Kd4 Rxf4 47. g3 Rf3 48. Rxh7 (48. Rc5+ $142 Kb6 49. Rgc7 (49. Rxh7 Ra2 $18) (49. Rb5+ Kc6 50. Rbb7 Rc2 51. Rbe7 Kd6 52. Ra7 Rxd3+ 53. Kxd3 Kc5 54. Rac7+ Kb6) 49... Rxd3+ 50. Kxd3 Rxh2 51. R5c6+ Ka5 52. Ra7+ (52. Rxf6 Rh5 53. Kc3 Ka4 54. Ra7+ Ra5 55. Rfa6 Rxa6 56. Rxa6#) 52... Kb4 53. Rb7+ (53. Rxf6 Rd2+ 54. Kxd2 Kxc4 55. Ke3 h5 56. Rb7 Kc5 57. Rbb6 Kc4 58. Rfc6#) 53... Ka5 54. Rb5+ Ka4 55. Ra6#) 48... Ree3 49. Kc3 Rxe4 50. Rh4 (50. Ra5 $142 Kd6 51. Ra6+ Ke5 52. Rh5+ (52. Re7+ Kf5 $18) 52... Rf5 53. Rxf5+ Kxf5 54. dxe4+ Kxe4 55. Rxf6) 50... Re1 (50... Rxh4 $142 51. gxh4 Rf2) 51. Rf4 {[%emt 0:45:32] Weighted Error Value: White=0.13 (very precise) /Black=0.50.  Mistake:       	White=4     	Black=6      Inaccurate:     	---       	Black=2      OK:         	White=15    	Black=8      Best:        	White=4     	Black=2      Strong:       	White=1     	---} 1-0

[Event "36th German Seniors-ch-65 2024"]
[Site "Bad Wildungen"]
[Date "2024.08.27"]
[Round "5.7"]
[White "Lutz, Albert"]
[Black "Kaeding, Rainer"]
[Result "1/2-1/2"]
[ECO "E18"]
[WhiteElo "2070"]
[BlackElo "2116"]
[Annotator "TA"]
[PlyCount "157"]
[EventDate "2024.08.22"]
[EventType "swiss"]
[EventCountry "GER"]
[SourceTitle "playchess.com"]
[Source "ChessBase"]
[SourceQuality "1"]
[TimeControl "40/5400+30:1800+30"]

1. Nf3 d5 2. c4 e6 3. g3 Nf6 4. Bg2 Be7 5. d4 O-O 6. O-O c6 7. Nc3 b6 8. cxd5 exd5 9. Bf4 Bb7 10. Rc1 Nbd7 11. a3 Nh5 12. Bd2 Nhf6 13. b4 a5 14. Qb3 b5 15. bxa5 Rxa5 16. a4 b4 17. Na2 Qa8 18. Bxb4 Bxb4 19. Nxb4 Rxa4 20. Rfd1 Rb8 {[%emt 0:02:30] [#] ...Bc8 would now be deadly.} 21. Qc3 Ne4 22. Qe1 c5 23. dxc5 Ndxc5 24. Nd4 {[%emt 0:01:58] And now f3 would win.} Ne6 (24... Qa5 $142 25. Ndc6 Bxc6 26. Nxc6 Qxe1+ 27. Rxe1 Re8) 25. Ndc6 Re8 26. e3 (26. Rxd5 $16 h6 27. e3 (27. Bxe4 Bxc6 28. Rxc6 Rxb4 $16)) 26... N4c5 (26... Nc7 $14) 27. Bxd5 $18 h6 28. Qc3 Ra3 (28... Kh8 $142 29. Qc2 Kg8) 29. Qb2 Qa4 30. Ra1 (30. Qb1 $18) 30... Ra8 (30... Rxa1 $16 {was necessary.} 31. Rxa1 Qb5) 31. Rxa3 (31. Nc2 $18 Rxa1 32. Rxa1 Bxc6 33. Rxa4 Nxa4 34. Qe5 (34. Bxc6 Nxb2 35. Bxa8 Nc5 $16) 34... Bxd5 35. Qxd5) 31... Qxa3 (31... Qxd1+ $16 32. Kg2 Rxa3 33. Qxa3 Kh7) 32. Qxa3 (32. Qe5 $18) 32... Rxa3 $16 33. Ne7+ Kf8 34. Bxb7 Nxb7 35. Nbd5 Nbc5 36. Rb1 Ra8 {[%emt 0:00:17] Repels Rb8+} 37. Nf5 Rd8 38. Nc3 h5 39. Rb4 g6 40. Nd4 Rd7 41. Nxe6+ Nxe6 {[%emt 0:30:07][%mdl 4096] Endgame. KRN-KRN} 42. h4 Kg7 43. Kf1 Rc7 44. Ne4 Ra7 45. Rc4 Rd7 46. Ke2 Ra7 47. Nd6 Rd7 48. Ne8+ Kf8 49. Nf6 Rd8 50. e4 Kg7 51. Nd5 Rd7 52. Ke3 Ra7 53. f4 Ra1 54. e5 (54. f5 $16 gxf5 55. exf5 Re1+ 56. Kf2) 54... Re1+ 55. Kd2 Rg1 56. Rc3 Rg2+ 57. Ke1 Nd4 58. Kf1 Rd2 59. Nf6 Ne6 ({Black should try} 59... Nf5 $14) 60. Rc8 Nf8 $2 (60... Rd3 $16) 61. Rc7 (61. Ne8+ $18 {and White stays clearly on top.} Kg8 62. Nd6) 61... Ne6 62. Ra7 Rd8 63. Ne4 Kg8 64. Nd6 {[%emt 0:00:00] White is more active.} Rf8 (64... f6 $16) 65. Kg2 $2 (65. Kf2 $18 {has better winning chances.}) 65... Nd4 (65... f6 $16 {might work better.}) 66. Rc7 (66. Rd7 $18) 66... Ne6 {[%emt 0:00:00] [#]} (66... f6 $14) 67. Rc8 ({White should play} 67. Re7 $1 $18) 67... Rxc8 $14 68. Nxc8 {[%emt 0:00:00] KN-KN} f6 69. Kf3 $16 {[%emt 0:00:00] Hoping for Ke4.} ({Not} 69. exf6 Kf7 $11) 69... fxe5 70. fxe5 {[%emt 0:00:00] Threatens to win with Ke4.} g5 $2 (70... Kf8 $16 {is tougher.} 71. Ke4 Nc7) 71. hxg5 $2 (71. Nd6 $18) 71... Kf7 $1 $11 {[%emt 0:00:06] The position is equal.} 72. Nd6+ Kg6 73. Ne4 Kf5 74. Ke3 Kxe5 75. Nf6 Nxg5 76. Nxh5 Kf5 77. Nf4 Kg4 78. Ne2 Nh3 79. Ke4 {[%emt 0:13:26] Weighted Error Value: White=0.17 (very precise) /Black=0.24 (precise) .  Loses game:     	---       	Black=2      Missed win:     	White=1     	---        Mistake:       	White=9     	Black=10     Inaccurate:     	White=2     	Black=5      OK:         	White=21    	Black=26     Best:        	White=4     	Black=3      Strong:       	---       	Black=1} 1/2-1/2

[Event "36th German Seniors-ch-65 2024"]
[Site "Bad Wildungen"]
[Date "2024.08.27"]
[Round "5.8"]
[White "Kornrumpf, Joachim"]
[Black "Namyslo, Holger"]
[Result "1/2-1/2"]
[ECO "A01"]
[WhiteElo "2029"]
[BlackElo "2140"]
[Annotator "TA"]
[PlyCount "41"]
[EventDate "2024.08.22"]
[EventType "swiss"]
[EventCountry "GER"]
[SourceTitle "playchess.com"]
[Source "ChessBase"]
[SourceQuality "1"]
[TimeControl "40/5400+30:1800+30"]

1. b3 e5 2. Bb2 d6 3. e3 g6 4. Nf3 Bg7 5. c4 Ne7 6. Qc2 (6. d4 $142) 6... c5 $11 7. d4 exd4 8. exd4 {[%emt 0:01:18] The position is equal.} Bf5 9. Bd3 Bxd3 10. Qxd3 Nbc6 11. Bc3 O-O {[%emt 0:04:28] [#] Strongly threatening ...cxd4.} 12. O-O Nf5 13. d5 Ncd4 14. Nxd4 Nxd4 15. Re1 Re8 {[%emt 0:14:39] [#] ...Rxe1+ is the strong threat.} 16. Nd2 f5 (16... Qd7 $11) 17. Nf3 Nxf3+ 18. Qxf3 Qd7 {[%emt 0:00:42] Dodges Re6} 19. Rad1 Bxc3 20. Qxc3 Qg7 {[%emt 0:00:24] Inhibits Qf6.} 21. Qxg7+ {[%emt 0:00:28] An uneventful encounter.   Weighted Error Value: White=0.15 (very precise) /Black=0.14 (very precise) .  Mistake:       	---       	Black=1      Inaccurate:     	White=2     	Black=3      OK:         	White=4     	Black=2      Best:        	---       	Black=1} 1/2-1/2

[Event "36th German Seniors-ch-65 2024"]
[Site "Bad Wildungen"]
[Date "2024.08.27"]
[Round "5.9"]
[White "Westermann, Johannes"]
[Black "Juhnke, Juergen"]
[Result "0-1"]
[ECO "E92"]
[WhiteElo "2055"]
[BlackElo "2259"]
[Annotator "TA"]
[PlyCount "51"]
[EventDate "2024.08.22"]
[EventType "swiss"]
[EventCountry "GER"]
[SourceTitle "playchess.com"]
[Source "ChessBase"]
[SourceQuality "1"]
[TimeControl "40/5400+30:1800+30"]

1. d4 Nf6 2. Nf3 g6 3. c4 Bg7 4. Nc3 O-O 5. e4 d6 6. Be2 e5 7. d5 Na6 8. Bg5 h6 9. Be3 Ng4 10. Bd2 f5 {[%emt 0:00:47] The position is equal.} 11. h3 {[%emt 0:00:06] [#]} (11. O-O $11 {remains equal.}) 11... Nf6 ({Better is} 11... Nxf2 $1 $17 12. Kxf2 fxe4) 12. exf5 $11 gxf5 13. Qc1 Kh7 {[%emt 0:05:53] [#]} ({Black should try} 13... f4 $15) 14. g4 $1 $14 Nc5 15. Qc2 (15. Be3 $14) 15... e4 $1 $11 16. Nh4 Nxd5 $1 17. Nxf5 $2 {[%emt 0:00:10][%mdl 8192] Now White is beyond hope.} (17. Nxd5 $15 Qxh4 18. O-O-O) 17... Nb4 $19 18. Qb1 Bxf5 19. gxf5 Nbd3+ {[%emt 0:01:49] A dynamic duo of knights.} (19... Rxf5 $2 {perishes.} 20. Nxe4 Kg8 (20... Qh4 $2 21. Ng3 $18) 21. Nxc5 $18 (21. Bxb4 Qe7 $18) (21. Bxb4 Qe7 $18)) 20. Kf1 $2 (20. Kd1) 20... Qh4 21. Rh2 Rxf5 22. Be3 Bxc3 23. bxc3 Raf8 {[%emt 0:00:31][%cal Rf5f2] ( -> ...Rxf2+)} 24. Bxd3 Nxd3 25. Qc2 Qg3 26. Qd1 {[%emt 0:35:04] Weighted Error Value: White=1.05/Black=0.49.  Loses game:     	White=1     	---        Mistake:       	White=3     	Black=2      Inaccurate:     	White=2     	---        OK:         	White=4     	Black=2      Best:        	---       	Black=2      Strong:       	---       	Black=2} 0-1

[Event "36th German Seniors-ch-65 2024"]
[Site "Bad Wildungen"]
[Date "2024.08.27"]
[Round "5.10"]
[White "Nehmert, Ulrich"]
[Black "Gollasch, Theo-Heinz"]
[Result "1/2-1/2"]
[ECO "D10"]
[WhiteElo "2255"]
[BlackElo "2006"]
[Annotator "TA"]
[PlyCount "40"]
[EventDate "2024.08.22"]
[EventType "swiss"]
[EventCountry "GER"]
[SourceTitle "playchess.com"]
[Source "ChessBase"]
[SourceQuality "1"]
[TimeControl "40/5400+30:1800+30"]

1. c4 c6 2. d4 d5 3. cxd5 cxd5 4. Bf4 Nc6 5. Nc3 e6 6. e3 a6 7. Rc1 Nf6 8. Bd3 Bd6 9. Bxd6 Qxd6 10. f4 Nd7 11. Nf3 {[%emt 0:01:31] White is slightly better.} f5 12. g4 Nf6 13. Ne5 {[%emt 0:03:58] [#] Strongly threatening g5.} fxg4 14. h3 {[%emt 0:00:57] White has more active pieces. The black rooks are passive.} g3 15. Rg1 (15. Qf3 $16) 15... O-O 16. Rxg3 (16. Qf3 $16) 16... Bd7 $14 17. a3 Be8 18. Qc2 Ne7 19. Qg2 g6 20. Rg5 Kh8 {[%emt 0:53:12] Weighted Error Value: White=0.23 (precise) /Black=0.17 (very precise) .  Mistake:       	White=2     	---        Inaccurate:     	White=2     	Black=4      OK:         	White=4     	Black=3} 1/2-1/2

[Event "36th German Seniors-ch-65 2024"]
[Site "Bad Wildungen"]
[Date "2024.08.27"]
[Round "5.11"]
[White "Boeven, Manfred"]
[Black "Rosen, Bernd"]
[Result "1/2-1/2"]
[ECO "D03"]
[WhiteElo "1998"]
[BlackElo "2245"]
[Annotator "TA"]
[PlyCount "45"]
[EventDate "2024.08.22"]
[EventType "swiss"]
[EventCountry "GER"]
[SourceTitle "playchess.com"]
[Source "ChessBase"]
[SourceQuality "1"]
[TimeControl "40/5400+30:1800+30"]

1. d4 e6 2. Nc3 d5 3. Nf3 Nf6 4. Bg5 Bb4 5. e3 c5 6. dxc5 h6 (6... Nbd7 $11) 7. Bxf6 $1 $14 Qxf6 8. Qd4 {[%emt 0:02:14] White is slightly better.} Nc6 (8... Bxc3+ $14 {feels stronger.} 9. bxc3 Nd7) 9. Bb5 $16 Bd7 {[%emt 0:03:33] [#]} 10. Bxc6 Bxc3+ 11. bxc3 Bxc6 12. Ne5 O-O (12... Rc8 $14) 13. Nxc6 bxc6 14. Qxf6 gxf6 {[%emt 0:00:02][%mdl 4096] Endgame. KRR-KRR} 15. Rb1 Rab8 16. Kd2 Rb5 (16... Rfd8 $142 17. a4 Kf8) 17. Rxb5 $18 cxb5 {[%emt 0:00:04] KR-KR} 18. Rb1 a6 19. Kd3 {[%emt 0:01:43] Black must now prevent Kd4.} e5 $2 {[%emt 0:01:03] [#]} (19... Rc8 {was called for.}) 20. a4 $1 bxa4 (20... Rd8 21. axb5) 21. Ra1 (21. c4 $142 Rc8 (21... dxc4+ $2 22. Kxc4 Rc8 23. Rb6 $18) 22. cxd5 Rxc5 23. c4) 21... Rc8 22. Rxa4 Rxc5 23. Rxa6 {[%emt 0:00:09] Weighted Error Value: White=0.17 (very precise) /Black=0.46.  Mistake:       	White=1     	Black=5      Inaccurate:     	White=1     	---        OK:         	White=6     	Black=5      Best:        	White=5     	Black=2      Strong:       	White=1     	---} 1/2-1/2

[Event "36th German Seniors-ch-65 2024"]
[Site "Bad Wildungen"]
[Date "2024.08.27"]
[Round "5.12"]
[White "Heinig, Wolfram"]
[Black "Keller, Harald"]
[Result "1-0"]
[ECO "A39"]
[WhiteElo "2215"]
[BlackElo "2022"]
[Annotator "TA"]
[PlyCount "55"]
[EventDate "2024.08.22"]
[EventType "swiss"]
[EventCountry "GER"]
[SourceTitle "playchess.com"]
[Source "ChessBase"]
[SourceQuality "1"]
[TimeControl "40/5400+30:1800+30"]

1. Nf3 Nf6 2. c4 c5 3. Nc3 Nc6 4. d4 cxd4 5. Nxd4 g6 6. g3 Bg7 7. Bg2 O-O 8. O-O Nxd4 9. Qxd4 d6 10. Qd3 Qa5 11. Bd2 Qh5 12. b3 Ng4 {[%emt 0:12:10][%csl Gg4][%cal Rh5h2] [#]} 13. h4 Ne5 14. Qe3 {[%emt 0:01:45] White is slightly better.} Nc6 15. Rac1 Be6 16. Nd5 Bxd5 17. cxd5 Nd4 18. Rfe1 (18. Qxe7 $2 Nxe2+ (18... Qxe2 19. Bg5 $15) 19. Kh2 Nxc1 20. Bxc1 Be5 $19) 18... Qf5 19. Be4 {[%emt 0:13:09] Prevents Nc2. This pair of bishops is nice.} (19. Qxe7 Rae8 20. Qxd6 (20. e4 $2 Ne2+ 21. Rxe2 Rxe7 $19) 20... Nxe2+ (20... Rxe2 21. Qf4 $14) 21. Rxe2 Rxe2 $15) 19... Qd7 20. Bc3 e5 21. dxe6 Nxe6 22. Bxg7 Kxg7 23. Red1 Kg8 24. Kg2 {[%emt 0:04:11] White is much more active.} Rfe8 25. Bf3 f6 (25... h5 $16 26. Rd2 Ng7) 26. Rd2 {[%emt 0:07:24] White is clearly better.} Ng5 (26... Kg7 $16 27. Qe4 Re7) 27. Bd5+ Kg7 28. Qf4 {[%emt 0:01:45] Black did not feel at home in the position after the opening.   Weighted Error Value: White=0.09 (flawless) /Black=0.14 (very precise) .  Mistake:       	---       	Black=2      Inaccurate:     	---       	Black=2      OK:         	White=9     	Black=6      Best:        	White=1     	---} 1-0

[Event "36th German Seniors-ch-65 2024"]
[Site "Bad Wildungen"]
[Date "2024.08.27"]
[Round "5.13"]
[White "Vatter, Hans-Joachim"]
[Black "Zunker, Reinhard"]
[Result "1-0"]
[ECO "C00"]
[WhiteElo "2212"]
[BlackElo "2004"]
[Annotator "TA"]
[PlyCount "35"]
[EventDate "2024.08.22"]
[EventType "swiss"]
[EventCountry "GER"]
[SourceTitle "playchess.com"]
[Source "ChessBase"]
[SourceQuality "1"]
[TimeControl "40/5400+30:1800+30"]

1. e4 c5 2. Nf3 e6 3. c3 Nf6 4. d3 Be7 5. g3 Nc6 6. Nbd2 Qc7 7. Bg2 d5 8. O-O O-O 9. Re1 b6 10. Qe2 Ba6 11. e5 Nd7 12. h4 Rfe8 13. Nf1 f6 (13... d4 $11) 14. exf6 $14 {[%emt 0:33:27] White is slightly better.} Bxf6 15. Bg5 (15. Bf4 $14 e5 16. Ng5) 15... Nde5 ({Better is} 15... h6 $15) 16. Nxe5 Nxe5 $4 {[%emt 0:00:44][%mdl 8192] [#]} (16... Bxe5 $11 17. f4 Bd6) 17. Bf4 $18 Bxd3 18. Bxe5 {[%emt 0:00:30] Weighted Error Value: White=0.26 (precise) /Black=0.94.  Loses game:     	---       	Black=1      Mistake:       	White=1     	Black=2      OK:         	White=1     	Black=1      Best:        	White=2     	---} 1-0

[Event "36th German Seniors-ch-65 2024"]
[Site "Bad Wildungen"]
[Date "2024.08.27"]
[Round "5.14"]
[White "Larem, Ewald"]
[Black "Okrajek, Alexander"]
[Result "1-0"]
[ECO "A17"]
[WhiteElo "1998"]
[BlackElo "2172"]
[Annotator "TA"]
[PlyCount "100"]
[EventDate "2024.08.22"]
[EventType "swiss"]
[EventCountry "GER"]
[SourceTitle "playchess.com"]
[Source "ChessBase"]
[SourceQuality "1"]
[TimeControl "40/5400+30:1800+30"]

1. d4 Nf6 2. c4 e6 3. Nc3 Bb4 4. Qc2 c5 5. e3 O-O 6. a3 Bxc3+ 7. Qxc3 b6 8. Nf3 Bb7 9. Be2 d6 10. O-O Nbd7 11. Rd1 Qe7 12. b4 Rac8 13. Bb2 (13. dxc5 $14 {deserves consideration.} dxc5 14. Bb2) 13... Ne4 $11 14. Qb3 Ba8 15. Rac1 f5 {[%emt 0:01:53] White is slightly better.} 16. Nd2 Ndf6 17. f3 Nxd2 18. Rxd2 cxd4 19. Rxd4 d5 20. Rcd1 (20. Qd1 $14) 20... h6 21. R4d2 Kh7 22. Be5 Rfd8 23. cxd5 Rxd5 24. Qb2 Rcd8 25. Bc4 {[%emt 0:03:48] This pair of bishops is nice.} (25. Rxd5 {simplifies} Rxd5 26. Rxd5 Bxd5 27. Qc3) 25... Rxd2 26. Rxd2 Rxd2 27. Qxd2 Qd7 (27... Bd5 $14 28. Bb5 Qd8) 28. Qd4 {[%emt 0:04:46] White is more active.} (28. Qxd7 $16 Nxd7 29. Bd6) 28... Qxd4 $14 29. exd4 {[%emt 0:04:16][%cal Oe5f6][%mdl 4096] [#] Endgame. And now Bxf6! would win. KBB-KBN} Bd5 30. Bb5 {[%emt 0:00:50] Strongly threatening Bb8.} Bb7 31. Bb8 a6 32. Bc4 Nd5 33. Kf2 b5 34. Ba2 g5 35. Be5 h5 36. Bb3 Bc6 37. Ke2 Kg6 38. Bc2 Nb6 39. Bd3 Bd5 40. Bc7 Na4 41. Kd2 Bb3 42. Bd8 g4 43. fxg4 hxg4 44. g3 Kf7 45. Bf1 Bd5 46. Kc2 Ke8 47. Bc7 Kd7 48. Ba5 Kc6 49. Bd8 Be4+ 50. Kb3 Kd5 {[%emt 0:00:00][%mdl 32768] Weighted Error Value: White=0.13 (very precise) /Black=0.09 (flawless) .  Mistake:       	White=2     	Black=1      Inaccurate:     	White=4     	Black=2      OK:         	White=12    	Black=14     Best:        	---       	Black=2     . Sensor Board Error (Ke4/e5)?} 1-0